 Dungeon Crawl Stone Soup version 0.31-a0-435-g2c6fae2916 (webtiles) character file.

Game seed: 6784967043192855086

53 Newt the Trooper (level 3, -1/30 HPs)
             Began as a Demonspawn Gladiator on Aug 1, 2023.
             Slain by a ball python (2 damage)
             ... on level 2 of the Dungeon.
             The game lasted 00:01:42 (1217 turns).

Newt the Trooper (Demonspawn Gladiator)             Turns: 1217, Time: 00:01:43

Health: -1/30      AC:  3    Str: 16    XL:     3   Next: 62%
Magic:  3/3        EV:  9    Int:  9    God:
Gold:   68         SH:  0    Dex: 14    Spells: 2/2 levels left

rFire   . . .        q - +1 whip (flame)
rCold   . . .        (no shield)
rNeg    . . .        b - +0 leather armour
rPois   .            (helmet restricted)
rElec   .            (no cloak)
rCorr   .            (no gloves)
SInv    .            (no boots)
Will    .....        (no amulet)
Stlth   +            (no ring)
HPRegen 0.25/turn    (no ring)
MPRegen 0.08/turn

%: no passive effects
@: constricted
A: horns 1, foul stench 1
a: no special abilities


You were on level 2 of the Dungeon.
You visited 1 branch of the dungeon, and saw 4 of its levels.

You collected 68 gold pieces.

Inventory:

Hand Weapons
 a - a +0 rapier
 g - a +1 heavy mace
 q - a +1 whip of flaming (weapon)
Missiles
 d - 2 throwing nets (quivered)
 e - a javelin
 i - 7 poisoned darts
Armour
 b - a +0 leather armour (worn)
 c - a +0 helmet
Wands
 m - a wand of flame (17)
Scrolls
 f - a scroll of teleportation
 j - a scroll of amnesia
 k - 2 scrolls of identify
 l - a scroll of vulnerability
 o - a scroll of revelation {unknown}
Potions
 h - a potion of haste
 n - a potion of attraction {unknown}
 p - a potion of curing {unknown}


   Skills:
 - Level 4.0 Fighting
 - Level 2.6 Short Blades
 + Level 0.4 Maces & Flails
 - Level 1.7 Throwing
 - Level 2.6 Dodging


You had 2 spell levels left.
You didn't know any spells.
Your spell library contained the following spells:

 Spells                   Type           Power      Damage    Failure   Level
 Slow                     Hex            0%         N/A       45%         1
 Ensorcelled Hibernation  Hex/Ice        0%         N/A       58%         2
 Passwall                 Tmut/Erth      0%         N/A       58%         2
 Confusing Touch          Hex            0%         N/A       83%         3
 Swiftness                Air            0%         N/A       83%         3
 Vampiric Draining        Necr           0%         2d6       83%         3


Dungeon Overview and Level Annotations

Branches:
Dungeon (4/15)
 Temple: D:4-7

Altars:
Fedhas
Sif Muna


Innate Abilities, Weirdness & Mutations

You have a pair of small horns on your head.
You may rarely emit foul miasma when damaged in melee.


Message History

A goblin comes into view. It is wielding a +1 whip of flaming.
The goblin shouts!
The goblin closely misses you.
You barely miss the goblin.
The goblin hits you with a +1 whip of flaming.
The goblin burns you.
The goblin hits you with a +1 whip of flaming.
The goblin burns you.
You sock the goblin!
You kill the goblin!
No target in view!
Unknown command.
Things that are here:
a +1 whip of flaming; a +0 ring mail; a goblin corpse
q - a +1 whip of flaming Your +1 whip of flaming bursts into flame!
q - a +1 whip of flaming (weapon)
Unknown command.
(D) Dungeon
Where to? (Enter - D:2, ? - help)
There is a stone staircase leading up here.
You climb upwards.
The adder falls through a shaft!
The shaft crumbles and collapses.
The adder barely misses you. The adder bites you but does no damage.
There is a stone staircase leading down here.
You hit the adder but do no damage. You headbutt the adder.
The adder is heavily wounded.
The adder bites you. The ball python bites you. The ball python misses you.
The worm bites you.
You miss the adder.
The adder is heavily wounded.
The adder bites you. The ball python barely misses you.
The ball python grabs you. The ball python constricts you. The adder bites you.
You barely miss the adder.
The adder is heavily wounded.
The ball python misses you. The ball python constricts you.
The adder barely misses you. The worm bites you!
* * * LOW HITPOINT WARNING * * *
The ball python bites you.
You die...

#### ###..## .. ##.....##
... ##.^...^.##....
##.^.^^....#....
................
.......@.^......
.#....SSw..#...
#.........#....... ..
##.......##....... ..
##.....###......#
.####...####......#
....$......#......###
....................
######...##..##...#..###.##


You could see a worm, an adder and a ball python.

Vanquished Creatures
  An adder (D:3)
  3 worms
  2 dart slugs (D:1)
  2 bats (D:1)
  3 endoplasms (D:1)
  3 goblins
  2 hobgoblins
  4 jackals (D:3)
  2 quokkas
  A ball python (D:2)
  A frilled lizard (D:1)
  2 kobolds (D:1)
  3 rats
29 creatures vanquished.

Notes
Turn   | Place    | Note
-------+----------+-------------------------------------------
     0 | D:1      | Newt the Demonspawn Gladiator began the quest for the Orb.
     0 | D:1      | Reached XP level 1. HP: 16/16 MP: 1/1
   183 | D:1      | Gained mutation: You have a pair of small horns on your
                  | head. [demonic ancestry]
   183 | D:1      | Reached XP level 2. HP: 19/23 MP: 2/2
   230 | D:1      | Reached skill level 3 in Fighting
   335 | D:1      | You fall into a shaft and drop 1 floor!
   396 | D:2      | Gained mutation: You may rarely emit foul miasma when
                  | damaged in melee. [demonic ancestry]
   396 | D:2      | Reached XP level 3. HP: 8/29 MP: 3/3
   453 | D:2      | You fall into a shaft and drop 2 floors!
  1057 | D:3      | Reached skill level 4 in Fighting
  1093 | D:3      | Found a blossoming altar of Fedhas.
  1125 | D:3      | Found a shimmering blue altar of Sif Muna.
  1217 | D:2      | HP: 1/30 [worm (10)]
  1217 | D:2      | Slain by a ball python

Illustrated notes

Levels and vault maps discovered:
D:1:      ncdulo_smallfort, layout_rooms
D:2:      layout_basic, basic_altar, serial_shops,
          nicolae_shop_just_a_little_nook, nicolae_wormholes
D:3:      layout_basic, tso_metal_star, fedhas_altar_fruit_tree,
          vehumet_crystals, led_sif_book, serial_shops,
          nicolae_book_shop_shelving
D:4:      layout_gridville, mainiacjoe_overflow_divided_tiny

Skill      XL: |  1  2  3 |
---------------+----------+-----
Fighting       | 3 4 |  4.0
Short Blades   | |  2.6
Maces & Flails | |  0.4
Throwing       | |  1.7
Dodging        | |  2.6

Action                     || total
---------------------------++-------
  Melee: Mace              ||    62
         Rapier            ||     2
         Headbutt          ||    12
         Punch             ||     2
         Whip              ||     3
  Throw: Throwing net      ||     1
    Use: Scroll            ||     5
   Stab: Sleeping          ||     1
 Armour: Leather armour    ||    25
  Dodge: Dodged            ||    71

Table legend: (Time is in decaauts)
 A = Elapsed time spent in this place.
 B = Non-inter-level travel time spent in this place.
 C = Inter-level travel time spent in this place.
 D = Time resting spent in this place.
 E = Time spent auto-exploring this place.
 F = Levels seen in this place.
 G = Mean time per level.
                   A        B        C        D        E       F      G
               +--------+--------+--------+--------+--------+-----+--------+
         Total |   1284 |   1267 |     17 |    528 |    463 |   4 |  321.0 |
       Dungeon |   1284 |   1267 |     17 |    528 |    463 |   4 |  321.0 |
               +--------+--------+--------+--------+--------+-----+--------+

Top non-repeatable levels by time:
     D:3: 472 daAuts
     D:1: 357 daAuts
     D:4: 314 daAuts
     D:2: 139 daAuts
